[Event "World U16-ch10"]
[Site "Champigny sur Marne"]
[Date "1984.04.??"]
[Round "3"]
[White "Anand, Viswanathan"]
[Black "Apicella, Manuel"]
[Result "1-0"]
[ECO "B76"]
[WhiteElo "2285"]
[BlackElo "2290"]
[Annotator "Anand/Ftacnik"]
[PlyCount "49"]
[EventDate "1984.04.01"]
[EventType "swiss"]
[EventRounds "11"]
[EventCountry "FRA"]
[SourceTitle "EXT 2018"]
[Source "ChessBase"]
[SourceDate "2017.10.13"]
[SourceVersion "1"]
[SourceVersionDate "2017.10.13"]
[SourceQuality "1"]
[TimeControl "40/9000:16/5400:0"]

1. e4 {Anand: I won the first few games easily. Then I beat a boy called
Apicella and I still remember, Ivanchuk came and spoke to me that day. He said,
thank you very much. I asked, why? He said, 'Apicella beat me two days ago,
and I am very grateful for you to take revenge on my behalf.' That was our
first contact.} c5 2. Nf3 d6 3. d4 cxd4 4. Nxd4 Nf6 5. Nc3 g6 {One of the most
popular defenses thanks to Tony Miles, the British grandmaster.} 6. Be3 Bg7 7.
f3 O-O 8. Qd2 Nc6 9. O-O-O Bd7 (9... d5 $142 {Herrera,I (2285)-Apicella, M Wch
U14 Champigny sur Marne 1984 0-1}) 10. h4 (10. g4) (10. Bc4) 10... Qa5 11. g4
Rfc8 12. Nb3 Qe5 $6 $146 {Anand: In a sharp variation, he jumbled the move
order.} (12... Qc7 13. h5 Ne5 14. Nd4 Qa5 15. Kb1 Nc4 16. Bxc4 Rxc4 17. hxg6
hxg6 18. Nf5 Bxf5 19. gxf5 Rac8 20. fxg6 Rxc3 21. e5 Qb5 22. Rh2 Rxc2 23. Qxc2
Rxc2 24. Rxc2 Ne8 25. exd6 Nxd6 26. gxf7+ Kxf7 27. Bxa7 Nc4 {0-1 (27) Nielsen,
C-Petersen,K Hinnerup 1979}) 13. g5 $1 Nb4 $2 {What I remember most about this
game was Ivanchuk coming by, looking at the board and laughing "Ha, ha, ha!"
He said Apicella had played this move and walked away, seeming to get
vicarious pleasure in the act.} (13... Nh5 $8 14. f4 Qe6 15. Bh3 $18) 14. Bd4 {
[%csl Re5] I was able to out-manoeuvre him and won quite easily} Qe6 15. gxf6
exf6 16. Kb1 a5 17. Bh3 Qe8 18. Bxd7 Qxd7 19. a3 Nc6 20. Nd5 Nxd4 21. Nxd4 Qd8
22. h5 b5 23. hxg6 hxg6 24. Nf5 $1 gxf5 25. Rdg1 (25. Rdg1
Kf8 26. Rxg7 Kxg7 27. Qh6+ Kg8 28. Rg1#) 1-0

[Event "World U16-ch10"]
[Site "Champigny sur Marne"]
[Date "1984.04.??"]
[Round "4"]
[White "Anand, Viswanathan"]
[Black "Lutz, Christopher"]
[Result "1-0"]
[ECO "B84"]
[WhiteElo "2285"]
[BlackElo "2200"]
[Annotator "Primel,D"]
[PlyCount "145"]
[EventDate "1984.04.01"]
[EventType "swiss"]
[EventRounds "11"]
[EventCountry "FRA"]
[SourceTitle "EXT 2015"]
[Source "ChessBase"]
[SourceDate "2014.11.20"]
[SourceVersion "1"]
[SourceVersionDate "2014.11.20"]
[SourceQuality "1"]
[TimeControl "40/9000:16/5400:0"]

1. e4 {Source: Biulletin CCC of the USSR 1984, No.15, p.} c5 2. Nf3 {Il
s'agissait du premier tournoi disputé à l'étranger par l'indien et pour
l'anecdote, il s'est fait enregistré dans ce tournoi avec une inversion entre
le nom et le prénom. La FIDE n'a jamais rectifié l'erreur et Anand est en
fait, un prénom.} e6 3. d4 cxd4 4. Nxd4 a6 5. Nc3 b5 {[%cal Gc8b7,Gb5b4,Gb7e4]
Une variante active mais qui donne une avance de développement aux Blancs} (
5... Qc7) (5... Nf6) 6. Be2 (6. Bd3) 6... d6 {Les Noirs n'ont joué que des
coups de P et la moindre imprécision pourrait être très dangereuse avec un
tel retard de développement} 7. O-O Nf6 (7... Bb7 8. f4 Nd7 9. Bf3 Qc7 $132 {
[%csl Ge5][%cal Gc7b7];Prandstetter,E (2430)-Zapata,A (2425) Capablanca
Memorial-A 1983 0-1}) 8. f4 Nbd7 9. Bf3 Bb7 10. e5 $1 $32
Bxf3 11. Nxf3 dxe5 (11... Ng4 $5 12. Qe2 b4 13. Ne4 d5 {Filipovic,B (2335)
-Adorjan,A (2530) Banja Luka 1983 (8) 0-1}) 12. fxe5 Ng4 (12... b4 13. exf6
bxc3 14. fxg7 Bxg7 15. b3 O-O 16. Qe2 Qa5 17. a4 Nf6 18. Ne5 Qd5 19. Ba3 Rfe8
20. Rae1 Rad8 21. Bc1 Qc5+ 22. Kh1 Rd5 23. Be3 Qc8 24. Bf4 Rf8 25. Nc4 Nd7 26.
Qf3 Qc6 27. Bc1 Qc7 28. Bf4 Qc6 29. Qg3 f5 30. Qf3 Rc8 31. Qg3 Kh8 32. Nd6 Nf6
33. Nxc8 Qxc8 34. Be5 Rd2 35. Qxc3 Qd8 36. Qf3 Ng4 37. Bxg7+ Kxg7 38. h3 Qh4
39. Kg1 Nf6 40. Rxe6 Qd4+ 41. Qe3 Qd5 42. Qg5+ {Tseshkovsky,V (2575)
-Kupreichik,V (2580) Frunze 1981 1-0}) 13. Qe2 Qb6+ (13... b4 14. Ne4 Ngxe5 15.
Nxe5 Nxe5 16. Ng5 $44 ) 14. Kh1 Bc5 (14...
b4 $6 15. Ng5 Nh6 (15... bxc3 16. Qxg4) 16. Nce4 $36) 15. h3 $146
(15. Ne4 Ngxe5 16. Nxe5 Nxe5 17. Qh5 Qc7 18. Bf4 {1-0 (18) Hass,J-Borensztajn,
D Brazil 1977}) 15... Ne3 16. Bxe3 Bxe3 17. Rad1 (17. Ne4 O-O
18. Rad1 (18. Rae1)) 17... Rd8 18. Ne4 O-O 19. Rd6 Qa7 20. Rfd1 $16 Bb6 21. Qd3 $36 h6 $6 (21... Nc5 {[%cal Gc5d3] Un
moindre mal}) 22. Rxd7 Rxd7 23. Qxd7 Rd8 24. Qxd8+ $1 Bxd8 25. Rxd8+ Kh7 26.
Rd4 Qe7 27. a4 bxa4 28. Rxa4 Qd7 29. Rd4 Qb5 30. b3 Kg6 31. Nd6 Qf1+ 32. Kh2
$18 {Les pièces Blanches sont bien coordonnées et la Q ne peut rien attaquer}
f5 33. exf6 Kxf6 34. c4 Qb1 (34... e5 35. Rd5) 35. Rf4+ Ke7 36. c5
e5 (36... Qxb3 37. Rf7+ Kd8 38. Ne5 ) 37. Nxe5 Qxb3 38. Ndc4 g5
39. Rf3 Qb8 40. c6 h5 41. c7 Qg8 {Les Noirs ont ajourné mais sans espoir de
sauver la partie} 42. Nb6 g4 43. Nc6+ (43. Rf7+ Ke6 44.
c8=Q+) 43... Kd6 44. Rf6+ $4 {Une gaffe incroyable qui va laisser les Noirs
revenir dans la partie} (44. c8=Q $8) 44... Kxc7 45. Ne7 g3+ $1 {[%csl Rh2] Et
la partie n'est plus si claire à cause du risque de mat du couloir!} 46. Kh1
$1 (46. Kg1 $143 {Ce coup naturel donne une option supplémentaire aux Noirs
avec la menace Qd4 gagnant la Rf6} Qb3 $1 $132 ) 46... Qb3 47. Ned5+ Kb7 48. Rf7+ Kc6 49. Rf1 a5 $1 $132 50. Ra1 Qd3 (50... Qb2) 51. Rc1+ Kd6 52. Ne3 $1 Ke7 (52... Qxe3 53.
Nc4+ ) 53. Re1 Kf7 54. Nec4 Kf6 55. Nxa5 {Après la perte
du P passé, les Noirs doivent à nouveau lutter pour une défense très
difficile} Qd2 56. Rf1+ Kg5 57. Nac4 {Les Noirs sont pour
l'instant trop éloignés de l'aile-roi pour assurer le gain} Qe2 58. Rc1 Qe6
$1 59. Na4 Qc6 60. Nab2 Qd5 61. Nd1 Qd3 62.
Nde3 Qe2 63. Nf1 Qf2 64. Ncd2 (64. Nce3) 64...
Kf5 65. Rc3 $1 Kg6 66. Rxg3+ Kh7 67. Rf3 $18 Qe1 68. Kg1
Kg6 69. Rf2 Kh6 70. Nf3 Qb1 71. h4 Kh7 72. Kh2 Qb8+ 73. Ng3 {[%emt 0:00:10]
Après ce gain, l'indien prend la tête du Championnat avec 4/4} 1-0

[Event "World U16-ch10"]
[Site "Champigny sur Marne"]
[Date "1984.04.??"]
[Round "5"]
[White "Lhagvasuren, Cedendemberel"]
[Black "Anand, Viswanathan"]
[Result "1/2-1/2"]
[ECO "B40"]
[WhiteElo "2200"]
[BlackElo "2285"]
[PlyCount "77"]
[EventDate "1984.04.01"]
[EventType "swiss"]
[EventRounds "11"]
[EventCountry "FRA"]
[SourceTitle "EXT 2015"]
[Source "ChessBase"]
[SourceDate "2014.11.20"]
[SourceVersion "1"]
[SourceVersionDate "2014.11.20"]
[SourceQuality "1"]
[TimeControl "40/9000:16/5400:0"]

1. e4 c5 {Avec 4/4, l'indien devenait un des favoris du championnat mais il
est tombé malade au millieu du Championnat} 2. Nf3 e6 3. d4 cxd4 4. Nxd4 Nf6
5. Nc3 Bb4 {Une variante assez risquée} (5... Bc5) (5... Nc6 6. Nxc6) 6. Ndb5
{Un coup naturel mais la poussée 6.e5 est plus dangereuse} (6. e5 $142 $1 Nd5
7. Bd2 (7. Qg4)) 6... Nxe4 {[%emt 2:28:00] rentrant dans des complications} (
6... O-O 7. a3 Bxc3+ 8. Nxc3 d5 9. Bg5 d4 10. e5 dxc3 11. Qxd8 Rxd8 12. exf6
cxb2 13. Rb1 Rd5 14. h4 Re5+ 15. Kd2 gxf6 16. Bxf6 Rf5 17. Bxb2 Rxf2+ 18. Ke3
Rxc2 19. Bd3 Rxb2 20. Rxb2 Nd7 21. Rb5 Nf6 22. Rf1 Nd5+ 23. Kd4 b6 24. Rb3 h6
25. Ke5 f6+ 26. Rxf6 Nxf6 27. Kxf6 Bb7 28. Bg6 Rf8+ 29. Kxe6 Kg7 30. Bh5 Bd5+
31. Kxd5 Rf5+ 32. Ke6 Rxh5 33. Rg3+ Kh7 34. Rg4 Ra5 35. Kf6 Rxa3 36. Rg7+ {
Roos,L (2340)-Plachetka,J (2435) Bagneux 1982 1/2-1/2}) 7. Qg4 $1 $146 (7. Qd4
Nxc3 8. Qxb4 Nxb5 9. Bxb5 Nc6 10. Qc3 Qa5 11. Bd2 Qxb5 12. O-O-O O-O 13. Qg3
Ne7 14. Bc3 f6 15. h4 Qh5 16. Qh2 d5 17. g4 Qf7 18. Rdf1 e5 19. Bd2 Bxg4 20.
Rfg1 Bf3 21. Rxg7+ Kxg7 22. Rg1+ Kh8 23. Rg3 Bh5 24. Bh6 Rg8 25. Qg1 Rxg3 26.
Qxg3 Nf5 {0-1 (26) Georges,E-Croes,W Haifa 1976}) 7... Nxc3 8. bxc3 Bf8 9. Bf4
$32 Na6 10. Nd6+ Bxd6 11. Bxd6 $14 Qf6 $1 12. Qg3 Qg6 13. Qf3 Nb8 {Le Na6 était dominé par
le Bd6 et les Noirs n'ont pas le choix} (13... f6 14. Bd3) 14. Bb5 $6 (14. Bd3
$142 $1 {[%cal Gd3g6,Ge1g1] Accentue l'avance de développement} Qf6 15. Qg3
Qxc3+ 16. Ke2 Nc6 17. Rab1) 14... a6 15. Ba4 {[%csl Ra4] Le Ba4
est hors-jeu} Qf6 16. Qg3 b5 17. Bxb8 Rxb8 18. Qxb8 Qxc3+ 19. Ke2 bxa4 20. Qd6
Qxc2+ 21. Ke3 $13 Qc3+ 22. Ke2 Qc4+ 23. Kd2 Qc6 24. Qxc6 dxc6 25. Rhc1 Kd7 26.
Kc3 Kc7 27. Rd1 Bb7 28. Kc4 $1 h5 $1 29. h4
(29. Kc5 h4 ) 29... e5 30. Rd2 $36 Bc8 31. Re1 $6 {Trop lent} (
31. Kc5 ) 31... Re8 32. Rde2 f6 $132 33. f4 a5 34. Kc3 Kd6
35. Rd2+ Kc7 36. Rde2 Kd6 37. Rd2+ Kc7 38. Rde2 Kd6 39. Rd2+ {
Une partie difficile pour l'indien  Source: Biulletin CCC of the USSR 1984, No.
15,} 1/2-1/2

[Event "World U16-ch10"]
[Site "Champigny sur Marne"]
[Date "1984.04.??"]
[Round "7"]
[White "Ivanchuk, Vassily"]
[Black "Anand, Viswanathan"]
[Result "1/2-1/2"]
[ECO "E92"]
[WhiteElo "2390"]
[BlackElo "2285"]
[Annotator "Anand,V"]
[PlyCount "55"]
[EventDate "1984.04.01"]
[EventType "swiss"]
[EventRounds "11"]
[EventCountry "FRA"]
[SourceTitle "EXT 2015"]
[Source "ChessBase"]
[SourceDate "2014.11.20"]
[SourceVersion "1"]
[SourceVersionDate "2014.11.20"]
[SourceQuality "1"]
[TimeControl "40/9000:16/5400:0"]

{My first foreign tournament was the World Sub-Juniors in 1984 in Paris. As I
had won the National Sub-Juniors, I was selected to go to the World Sub-Junior,
and I went with my parents. It is interesting to look back now. I met a boy
called Vassily Ivanchuk there! We were both 14 then. I also met there for the
first time some of my other friends like Jeroen Piket, Ferdinand Hellers and
Alexey Dreev. It is quite funny, but you get the feeling that all these guys
have trainers and everyone else is stronger than you. There was this guy who
had a Grandmaster as his trainer, and you were terribly impressed. So, I
played every game as a challenge or struggle.} 1. d4 {1) Biulletin SSS of the
USSR 1984, No.15, p.} Nf6 2. c4 g6 3. Nc3 Bg7 4. e4 d6 5. Nf3 O-O 6. Be2 e5 7.
Be3 exd4 8. Nxd4 Re8 9. f3 c6 10. Qd2 d5 11. exd5 cxd5 12. O-O dxc4 13. Bxc4
Nbd7 $146 (13... a6 14. Rad1 b5 15. Bb3 Bb7 16. Bh6 Bxh6 17. Qxh6 Nbd7 18. Ne4
Bd5 19. Bxd5 Nxd5 20. Nd6 Re5 21. Nxf7 Kxf7 22. Qxh7+ Kf6 23. Qh4+ g5 24. Qh6+
Kf7 25. Nc6 Qb6+ 26. Kh1 Kg8 27. f4 gxf4 28. Rxd5 {1-0 (28) Christiansen,L 
(2490)-Rodriguez Cespedes,A (2470) Amsterdam 1978}) 14. Rad1 Ne5 15. Bb3 a6 16.
Bg5 Qb6 17. Kh1 Bd7 18. f4 Nc6 19. Nxc6 Bxc6 20. f5 Rad8 21. fxg6 hxg6 22. Qc2
Rxd1 23. Qxd1 {[#]} Re5 $11 24. Qd2 Rf5 (24... Qc5) 25. Rxf5 gxf5 26. Be3 Qc7
27. Bf4 Qe7 28. Bc2 $11 (28. Bc2 Ne4) 1/2-1/2

[Event "World U16-ch10"]
[Site "Champigny sur Marne"]
[Date "1984.04.??"]
[Round "9"]
[White "Hellers, Ferdinand"]
[Black "Anand, Viswanathan"]
[Result "0-1"]
[ECO "B81"]
[WhiteElo "2200"]
[BlackElo "2285"]
[PlyCount "84"]
[EventDate "1984.04.01"]
[EventType "swiss"]
[EventRounds "11"]
[EventCountry "FRA"]
[SourceTitle "EXT 2004"]
[Source "ChessBase"]
[SourceDate "2003.11.25"]
[SourceVersion "1"]
[SourceVersionDate "2003.11.25"]
[SourceQuality "1"]
[TimeControl "40/9000:16/5400:0"]

1. e4 c5 2. Nf3 e6 3. d4 cxd4 4. Nxd4 Nf6 5. Nc3 d6 6. g4 h6 (6... Nc6) 7. g5 (
7. h4) 7... hxg5 8. Bxg5 Nc6 9. Qd2 Qb6 10. Nb3 a6 (10... Ne5 )
11. O-O-O Bd7 (11... Qc7 12. f4) 12. f4 O-O-O 13. h4 (13. Bg2) 13... Qc7 (13...
Be7 14. Be2 {Browne,W (2575)-Hutchings,S (2310) Nice ol (Men) fin-A 1974 (13)
1/2-1/2}) 14. Be2 (14. h5 Be7 15. Be2 {Cuartas,C (2435)-Modr,B (2355) Prague
Bohemians 1982 (4) 1-0}) 14... Be7 15. h5 Kb8 16. Bf3 (16. Kb1 Bc8
17. Bf3 Ng8 18. Rdg1 Rh7 19. Qf2 Bxg5 20. Rxg5 Nge7 21. Rd1 g6 22. hxg6 Nxg6
23. Rh5 Rg7 24. Rg1 Rgg8 25. Rhg5 Nge7 26. Bh5 Rxg5 27. Rxg5 f5 28. exf5 Nxf5
29. Bg4 Nce7 30. a3 Rf8 31. Be2 Nc6 32. Bd3 Nfe7 33. Qe3 Qd8 34. Nd2 Qc7 35.
Rh5 Qd8 36. Ne2 Nd5 37. Qg3 Qa5 38. f5 e5 39. Nc4 Qc7 40. Rh6 Nf6 41. Nc3 Qe7
42. Ne3 Nd4 43. Rg6 Qd8 44. Rg5 Nh7 45. Rg7 Nf6 {Karpov,A (2725)-Andersson,U 
(2590) Skara 1980 1/2-1/2}) 16... Bc8 17. Bh4 b5 $146 (17... d5 18. e5 Ne4 19.
Bxe4 dxe4 20. Qe2 f5 21. Bf2 b5 22. a3 Na5 23. Nxa5 Qxa5 24. Rh3 Qc7 25. Rg1
Rh7 26. Nxb5 axb5 27. Qxb5+ Qb7 28. Qe2 Qa6 29. Rb3+ Ka8 30. Qe3 Rd5 31. Rb6
Qa7 32. Qc3 Qd7 33. Rc6 Kb8 34. Bb6 Bd8 35. Bxd8 Qxd8 36. Qb4+ Bb7 37. Rxe6
Rxh5 38. Rb6 Rd7 39. e6 Rc7 40. Rd6 Qf6 41. Rd7 Rxd7 42. exd7 Rh8 43. Qa5 e3
44. Rd1 Rd8 45. Rd3 e2 46. Kd2 e1=Q+ 47. Kxe1 {Edelstein,M-Pedneault,M Canada
1982 1/2-1/2}) 18. Bf2 Bb7 19. a3 Nd7 $1 20. Rh3 Nc5 21. Qe3 Ba8 22. Be2 Rhe8
23. Nd4 Nxd4 24. Qxd4 e5 $1 25. fxe5 dxe5 26. Qe3 Ne6 $15 27. Rg3 Rxd1+ 28. Bxd1 Rd8 29. Bf3 Bc5 $1 {[%csl Rf3] La partie a basculé} 30.
Qe1 Bxf2 31. Qxf2 f6 $17 32. Nd5 Bxd5 33. exd5 Nc5 34. Bg2 e4 (34... Nb7 $5 ) 35. Rc3 Rxd5 36. Qe3 Qe5 37. Kb1 f5 38. Qg5 f4 $19 39. Qg6 Rd6
40. Rxc5 Qxc5 41. Qe8+ Qc8 42. Qe5 Qe6 0-1

[Event "World U16-ch10"]
[Site "Champigny sur Marne"]
[Date "1984.04.??"]
[Round "11"]
[White "Rettedal, Atle"]
[Black "Anand, Viswanathan"]
[Result "0-1"]
[ECO "E81"]
[WhiteElo "2200"]
[BlackElo "2285"]
[PlyCount "96"]
[EventDate "1984.04.01"]
[EventType "swiss"]
[EventRounds "11"]
[EventCountry "FRA"]
[SourceTitle "EXT 2015"]
[Source "ChessBase"]
[SourceDate "2014.11.20"]
[SourceVersion "1"]
[SourceVersionDate "2014.11.20"]
[SourceQuality "1"]
[TimeControl "40/9000:16/5400:0"]

1. d4 {Le norvégien a arrêté de jouer quelques années plus tard mais il
avait un bon potentiel.} Nf6 2. c4 g6 3. Nc3 Bg7 4. e4 O-O 5. Bg5 d6 6. f3 Nc6
7. Nge2 a6 8. Qd2 Rb8 9. O-O-O b5 10. h4 Na5 $146 (10... e5 11. h5 Qe8 12. Nd5
Nxd5 13. exd5 Ne7 14. hxg6 fxg6 15. Bh6 Qf7 16. Bxg7 Qxg7 17. dxe5 Qxe5 18. Re1
Qg7 19. Nc3 bxc4 20. Rh4 Nf5 21. Rhe4 Bd7 22. Bxc4 a5 23. Bb3 Rb4 24. Rxb4 axb4
25. Ne4 Rb8 26. Rd1 Qe5 {1/2-1/2 (26) Agdestein,S (2400)-Nunn,J (2590) Gjovik
1983}) (10... h5 11. Qe1 {Agdestein,S (2400)-Sznapik,A (2425) Nordic-tt Oslo
1983 0-1}) 11. Ng3 Be6 $13 (11... Nxc4 $5 12. Bxc4
bxc4 13. h5 c6 14. hxg6 fxg6 $5 (14... hxg6 $6 {[%csl Rg8] Le
coup naturel parait trop risqué} 15. Bh6 ) 15. Bh6 Qb6 16.
Bxg7 Kxg7 17. Nf5+ $5 gxf5 18. e5 $1 $44) 12. d5 Bd7 13. Bh6 (13. h5 b4 14.
Nce2 Ba4) 13... b4 $132 14. Nb1 $6 (14. Nce2 Ba4 15. Re1 Bb3 16. Kb1 {C'est
l'intérêt d'avoir joué Ne2 au lieu de Nb1} (16. axb3 $2 Nxb3+)) 14... Ba4 $1
15. Bxg7 Kxg7 16. h5 $8 (16. Re1 $2 Bb3 $1 $19 ) 16... Bxd1 17.
Kxd1 Rh8 $1 18. h6+ {[%csl Rb1,Rf1] Les compensations sont insuffisantes
malgré la mauvaise position de la Rh8 car les pièces Blanches sont assez mal
placées} Kf8 19. Qe3 Qd7 20. b3 e5 $1 21. dxe6 Qxe6 22. Qa7 Qc8 23. Qd4 Qd8
24. f4 (24. Bd3 Nc6 (24... Rg8 25. Nd2 g5 ) 25. Qe3 Ke7 26. Qg5 Ne5 27. Bc2 Re8 ) 24... Nc6 25. Qe3 Rg8 $1 26. Nd2 g5 $17 27. Be2 gxf4 (27... g4 28. e5
) 28. Qxf4 Qe7 29. Rf1 Qe5 $1 30. Qxf6 Qxf6 31. Rxf6 Rxg3 32. Bh5 Ne5 $19 33. Nf3 Ke7 34. Rf5 f6 35. Nh4 Ng6 36. Rf3 Rxf3 37.
Nxf3 Rf8 38. Nd4 Nf4 39. Bf3 c5 40. Nf5+ Ke6 41. g3 Nd3 42. Kd2 Ne5 43. Ke3
Nxf3 44. Kxf3 a5 $1 45. Ne3 a4 46. Kf4 Ra8 47. Nd5 axb3 48. axb3 Ra3 {[%emt 0:
00:10] Biulletin CCC of the USSR 1984, No.15, p.} 0-1

[Event "Nanjing Pearl Spring 3rd"]
[Site "Nanjing"]
[Date "2010.10.20"]
[Round "1"]
[White "Anand, Viswanathan"]
[Black "Wang, Yue"]
[Result "1/2-1/2"]
[ECO "D94"]
[WhiteElo "2800"]
[BlackElo "2732"]
[Annotator "Edouard,R"]
[PlyCount "64"]
[EventDate "2010.10.20"]
[EventType "tourn"]
[EventRounds "10"]
[EventCountry "CHN"]
[EventCategory "21"]
[SourceTitle "CBM 139"]
[Source "ChessBase"]
[SourceDate "2010.11.18"]
[SourceVersion "1"]
[SourceVersionDate "2010.11.18"]
[SourceQuality "1"]
[TimeControl "40/7200:20/3600:900+30"]

1. d4 d5 2. c4 c6 3. Nc3 Nf6 4. e3 g6 $5 5. Nf3 Bg7 6. Be2 O-O 7. O-O b6 $5 8.
a4 $5 {A rare move.} a5 9. cxd5 Nxd5 10. e4 Nb4 11. Be3 $146 Bg4 12. h3 Bxf3
13. Bxf3 N8a6 14. d5 {White has to go for this kind of moves at some point, in
order to open the game and take advantage of the two bishops. But Black is
extremely solid anyway.} Nc5 15. Qe2 Qe8 $5 (15... cxd5 16. exd5 Rc8 17. Rfd1 {
would be slightly better for White, though Black is, once again, very solid.
But slowsly White will be able to improve his position.}) 16. Rfd1 Rc8 17. dxc6
{This moves is quite logical. Somehow I feel like the best way to try to
punish Black for his slightly awkward play (...Qe8) would be to keep the
tension. The problem is that I don't see know (not so easy to find a plan for
White without taking on c6). So let's say the next move is fine!} Qxc6 18. e5
Qc7 19. Bf4 (19. Bg4 {followed by f4 is also possible, but I believe after} e6
20. f4 Rcd8 21. Kh2 $5 Rxd1 22. Rxd1 Rd8 23. Nb5 Qb8 {Black should get a draw.}
) 19... Ne6 (19... Rcd8 $5) 20. Bg3 Rfd8 21. Bg4 Qc6 22. Nb5 Qc2 23. Qxc2 Rxc2
24. Bxe6 Rxd1+ 25. Rxd1 fxe6 26. Nd4 Rxb2 27. Nxe6 Bh6 28. Rd8+ (28. Rd7 $1 Kf7
29. Nd8+ Kf8 (29... Ke8 $2 30. e6 Rb1+ 31. Kh2 Re1 32. Rb7 {would be bad for
Black, due to Rb8-mate problems (White is threatening Nf7).}) 30. e6 Rb1+ 31.
Kh2 Re1 32. h4 (32. Nf7 Bc1 $8 33. Ne5 Bb2 $8 34. Nc4 Bf6 35. Rd8+ Kg7 36. Nxb6
Rxe6) 32... Re4 33. f3 Rc4 34. Kh3 {and I believe White has some chances.})
28... Kf7 29. Nd4 Nc2 30. Nc6 Nb4 31. Nd4 Nc2 32. Nc6 Nb4 1/2-1/2

[Event "Nanjing Pearl Spring 3rd"]
[Site "Nanjing"]
[Date "2010.10.28"]
[Round "8"]
[White "Anand, Viswanathan"]
[Black "Topalov, Veselin"]
[Result "1/2-1/2"]
[ECO "E08"]
[WhiteElo "2800"]
[BlackElo "2803"]
[Annotator "Edouard,R"]
[PlyCount "61"]
[EventDate "2010.10.20"]
[EventType "tourn"]
[EventRounds "10"]
[EventCountry "CHN"]
[EventCategory "21"]
[SourceTitle "CBM 139"]
[Source "ChessBase"]
[SourceDate "2010.11.18"]
[SourceVersion "1"]
[SourceVersionDate "2010.11.18"]
[SourceQuality "1"]
[TimeControl "40/7200:20/3600:900+30"]

1. d4 Nf6 2. c4 e6 3. Nf3 d5 4. g3 Bb4+ 5. Bd2 Be7 6. Bg2 O-O 7. O-O c6 8. Qc2
b6 9. Rd1 Nbd7 10. Bf4 Ba6 (10... Bb7 {is also possible - of course.}) 11. cxd5
cxd5 12. Ne5 $5 $146 (12. Nc3 {had been played few times.}) 12... Nxe5 $5 {
I'm near by putting a new "N" after this move, as this is actually the move
showing a new idea!} (12... Rc8 13. Nc6 $1 {has actually already been played
with another move order. White gains the bishop pair, but the practise has
showed no problem at all for Black. So probably some new ideas were coming in
case this position would happen!}) 13. dxe5 Rc8 14. Nc3 Ng4 15. h3 {Maybe this
move can be improved, though I doubt it.} Nxf2 $1 16. Kxf2 Bc5+ 17. Be3 (17.
Ke1 f6 $1 {offers Black big compensations. Somehow, it is better to bring
White's king to e3 for one move and then remove it, rather than hiding it
forever on e1. Here probably Black would even be much better.}) 17... Bxe3+ 18.
Kxe3 b5 ({Another computer line is:} 18... f6 19. Kf2 b5 20. Qd2 b4 21. Nxd5
fxe5+ 22. Ke1 exd5 23. Qxd5+ Qxd5 24. Bxd5+ Kh8 25. Rac1 $14 {and White enjoys
some space advantage.}) 19. Qd3 Rc4 20. Nxd5 exd5 21. Bxd5 Qg5+ $6 {This
simply looks wrong or too optimistic - still, that's why we like Topalov's
games!} (21... Qb6+ 22. Kf3 Rc5 {was probably the best chance, not so far from
equalizing, for instance:} 23. e4 Qc7 24. Qe3 Bc8 $1 25. Qf4 Be6 {with
"drawing counterplay".}) 22. Kf2 Qxe5 $6 {The logical continuation now. But
probably not the best.} 23. Bxc4 bxc4 24. Qd6 $6 (24. Qd4 $1 {might give White
good winning chances, for instance:} Qe6 $5 (24... Qh5 25. h4 {doesn't help.})
(24... Qf5+ 25. Kg2 Bb7+ (25... Re8 26. Rd2) 26. Kh2 {and White's queen has
control of the f2-square. I believe this kind of position should be
technically winning for White, as his king is not in the drafts anymore.}) 25.
g4 (25. h4 $5) 25... c3 $5 26. bxc3 $1 Qxe2+ 27. Kg3 Bb7 28. Rd2 Qe7 29. c4 $16
{Here some engines give a "+/-" evaluation, some other a decisive advantage. I
believe the reality is inbetween. This should be technically winning but
White's weak king gives Black some chances to draw.}) 24... Qf5+ 25. Ke1 Qxh3
$1 {Now Black draws.} 26. Qxa6 Qxg3+ 27. Kd2 Qf4+ 28. Kc2 Qe4+ 29. Kc1 Qe3+ 30.
Kb1 Qe4+ 31. Kc1 {An exciting game!} 1/2-1/2